 Dungeon Crawl Stone Soup version 0.29.0-4-gdea44cf6ec (webtiles) character file.

Game seed: 3003835451806672376

171 qw the Chopper (level 5, 0/28 (30) HPs)
             Began as a Tengu Warper on Aug 28, 2022.
             Slain by a wight
             ... wielding a +3 trident
              (9 damage)
             ... on level 4 of the Dungeon.
             The game lasted 00:00:20 (3696 turns).

qw the Chopper (Tengu Warper)                       Turns: 3696, Time: 00:00:20

HP:   0/28 (30)     AC: 11    Str: 13    XL:     5   Next: 51%
MP:   9/9           EV:  5    Int: 13    God:
Gold: 140           SH:  0    Dex: 14    Spells: 8/8 levels left

rFire   . . .      SeeInvis .   f - +0 war axe
rCold   . . .      Faith    .   (no shield)
rNeg    + . .      Spirit   .   i - +0 plate armour
rPois   .          Reflect  .   (helmet restricted)
rElec   .          Harm     .   (no cloak)
rCorr   .          Rampage  .   (no gloves)
Will    .....                   (boots unavailable)
Stlth   ..........              (no amulet)
HPRegen 0.09/turn               a - ring of positive energy
MPRegen 0.11/turn               (no ring)

@: flying quickly and evasively, drained, quick
A: beak, talons 3, nimble flight
a: no special abilities


You were on level 4 of the Dungeon.
You visited 1 branch of the dungeon, and saw 4 of its levels.

You collected 231 gold pieces.
You spent 91 gold pieces at shops.


Innate Abilities, Weirdness & Mutations

You have a beak for a mouth.
You have claws for feet.
Your magical nature lets you fly swiftly and evasively.


   Skills:
 - Level 2.0 Fighting
 + Level 5.5 Axes
 - Level 1.0 Throwing
 - Level 2.6 Armour
 - Level 2.1 Dodging
 - Level 2.0 Spellcasting
 - Level 2.4 Translocations


You had 8 spell levels left.
You didn't know any spells.
Your spell library contained the following spells:

 Spells                   Type           Power      Damage    Failure   Level
 Blink                    Tloc           14%        N/A       100%        2
 Gell's Gravitas          Tloc           7%         N/A       100%        3
 Lesser Beckoning         Tloc           7%         N/A       100%        3
 Teleport Other           Tloc           7%         N/A       100%        3
 Manifold Assault         Tloc           7%         N/A       100%        5

Inventory:

Hand Weapons
 f - a +0 war axe (weapon)
 h - a +0 whip
Armour
 i - a +0 plate armour (worn)
Jewellery
 a - a ring of positive energy (left hand)
Scrolls
 b - a scroll of identify
 c - a scroll of teleportation
 g - a scroll of torment {unknown}
 m - a scroll of enchant armour {unknown}
Potions
 d - a potion of haste
 e - a potion of heal wounds
 j - a potion of attraction {unknown}
 k - a potion of curing
 l - a potion of mutation
 o - a potion of resistance {unknown}

Dungeon Overview and Level Annotations

Branches:
Dungeon (4/15)
 Temple: D:4-7

Altars:
Hepliaklqana

Shops:
D:2 (?

Annotations:
D:3 1 transporter, qw's ghost, amateur TeWr


Message History

Found a stone staircase leading down.
You reach down and open the door.
A ball python and an ufetubus come into view.
The ball python hisses angrily.
The ufetubus shouts!
You slash the ufetubus!
You kill the ufetubus!
The ball python bites you but does no damage.
The ball python grabs you. The ball python constricts you.
You slash the ball python!
You kill the ball python!
There is an open door here.
As you open the door, it creaks loudly! 2 wights come into view.
A wight is wielding a +1 flail of freezing.
You hear a shout!
A wight comes into view. It is wielding a +1 great sword.
A wight comes into view. It is wielding a +3 trident.
A hobgoblin comes into view.
Found a stone staircase leading up.
Enter note:
There is an open door here.
You barely miss the hobgoblin. You claw the hobgoblin.
You kill the hobgoblin!
You closely miss the wight. You peck the wight.
The wight is lightly damaged.
The wight hits you with a +3 short sword.
You partially resist.
You feel drained.
You hit the wight but do no damage. Your peck misses the wight.
The wight is lightly damaged.
The wight barely misses you.
You closely miss the wight. Your kick misses the wight.
You peck the wight, but do no damage.
The wight is lightly damaged.
The wight hits you from afar with a +3 trident!
You partially resist.
You feel drained.
The wight hits you from afar with a +3 trident!
You slash the wight!
The wight is heavily damaged.
The wight hits you from afar with a +3 trident!
You die... #.# # .....#.# #.# #. ....#. #.# #. ..<.. #.# ......# #.# .#... #.# zzz

#####.##### #z#
#.........# ##@##
#.###%###.# ##...##
#.# #.###># ##.....##
#.# #..##.###.......#
#.###...#.##.........#
...../.....'.........+
#.###...#.##.........#
#.# #..##.###.......##
#.......>.# ##.....##


You could see 4 wights.

Vanquished Creatures
  A jelly (D:2)
  An iguana (D:4)
  4 adders
  An ufetubus (D:4)
  A worm (D:3)
  A dart slug (D:3)
  4 orcs (D:3)
  7 ball pythons
  4 endoplasms
  A giant cockroach (D:2)
  6 goblins
  8 hobgoblins
  2 jackals (D:1)
  7 kobolds
  2 quokkas (D:2)
  5 bats
  4 frilled lizards
  3 rats
62 creatures vanquished.

Notes
Turn   | Place    | Note
-------+----------+-------------------------------------------
     0 | D:1      | qw the Tengu Warper began the quest for the Orb.
     0 | D:1      | Reached XP level 1. HP: 12/12 MP: 4/4
     0 | D:1      | 0 ||| qw: Version: 0.1-a-89-g26bdef1
     0 | D:1      | 0 ||| qw: Game counter: 705
     0 | D:1      | 0 ||| qw: Always use a shield: true
     0 | D:1      | 0 ||| qw: God list: Okawaru
     0 | D:1      | 0 ||| qw: Allow faded altars: false
     0 | D:1      | 0 ||| qw: Do Orc after D:15 true
     0 | D:1      | 0 ||| qw: Do second Lair branch before Depths: true
     0 | D:1      | 0 ||| qw: Lair rune preference: random
     0 | D:1      | 0 ||| qw: Plans: Normal
     0 | D:1      | 0 ||| PLANNING D:1-11
   383 | D:1      | Reached XP level 2. HP: 16/17 MP: 6/6
   389 | D:1      | Reached skill level 3 in Axes
   457 | D:1      | 457 ||| Stepping ~*~*~tactically~*~*~ (stealth).
   459 | D:1      | 459 ||| Stepping ~*~*~tactically~*~*~ (stealth).
   525 | D:1      | 525 ||| Stepping ~*~*~tactically~*~*~ (stealth).
  1188 | D:1      | 1188 ||| UPGRADING to +0 plate armour.
  1198 | D:1      | 1198 ||| DROPPING +0 leather armour.
  1199 | D:1      | 1199 ||| READING scroll labelled HIRAIN ZUQE.
  1200 | D:1      | 1200 ||| DRINKING 2 sedimented orange potions.
  1201 | D:1      | 1201 ||| DROPPING scroll of blinking.
  1283 | D:2      | Found Caxzalico's Magic Scroll Emporium.
  1292 | D:2      | 1292 ||| BUYING scroll of identify (26 gold).
  1292 | D:2      | Bought a scroll of identify for 26 gold pieces
  1292 | D:2      | 1292 ||| BUYING scroll of identify (26 gold).
  1292 | D:2      | Bought a scroll of identify for 26 gold pieces
  1292 | D:2      | 1292 ||| BUYING scroll of teleportation (39 gold).
  1292 | D:2      | Bought a scroll of teleportation for 39 gold pieces
  1292 | D:2      | 1292 ||| SHOPLISTING scroll of teleportation (39 gold, have
                  | 9).
  1414 | D:2      | Found Neifuaga's Antique Weapon Shoppe.
  1422 | D:2      | Reached XP level 3. HP: 21/21 MP: 7/7
  1472 | D:2      | 1472 ||| SHOPLISTING jewelled war axe (170 gold, have 11).
  1472 | D:2      | 1472 ||| SHOPLISTING morningstar (80 gold, have 11).
  1472 | D:2      | 1472 ||| SHOPLISTING runed whip (110 gold, have 11).
  1727 | D:2      | Reached skill level 4 in Axes
  1892 | D:2      | Reached XP level 4. HP: 15/26 MP: 8/8
  2027 | D:2      | 2027 ||| DROPPING amulet of magic regeneration.
  2028 | D:2      | 2028 ||| READING scroll labelled BATHAMU BAHO.
  2028 | D:2      | Identified a scroll of acquirement
  2028 | D:2      | 2028 ||| ACQUIRING ring of positive energy
  2028 | D:2      | Acquired a ring of positive energy
  2030 | D:2      | 2030 ||| UPGRADING to ring of positive energy.
  2031 | D:2      | 2031 ||| READING scroll labelled NALAYL JINAFF.
  2032 | D:2      | 2032 ||| READING scroll labelled GAUSMIU VAYSU.
  2033 | D:2      | 2033 ||| DRINKING 3 coppery potions.
  2034 | D:2      | 2034 ||| READING 2 scrolls of identify.
  2034 | D:2      | 2034 ||| IDENTIFYING yellow potion
  2035 | D:2      | 2035 ||| DROPPING 2 potions of flight.
  2241 | D:3      | 2241 ||| FLEEEEING.
  2242 | D:3      | 2242 ||| FLEEEEING.
  2243 | D:3      | 2243 ||| FLEEEEING.
  2245 | D:3      | 2245 ||| FLEEEEING.
  2246 | D:3      | 2246 ||| FLEEEEING.
  2248 | D:3      | 2248 ||| FLEEEEING.
  2336 | D:3      | 2336 ||| Stepping ~*~*~tactically~*~*~ (stealth).
  2337 | D:3      | 2337 ||| Stepping ~*~*~tactically~*~*~ (stealth).
  2338 | D:3      | 2338 ||| SWAPPING to +0 war axe.
  2339 | D:3      | 2339 ||| DROPPING +1 hand axe.
  2340 | D:3      | 2340 ||| Stepping ~*~*~tactically~*~*~ (stealth).
  2341 | D:3      | 2341 ||| Stepping ~*~*~tactically~*~*~ (stealth).
  2342 | D:3      | 2342 ||| Stepping ~*~*~tactically~*~*~ (stealth).
  2352 | D:3      | 2352 ||| FLEEEEING.
  2353 | D:3      | 2353 ||| FLEEEEING.
  2354 | D:3      | 2354 ||| FLEEEEING.
  2355 | D:3      | 2355 ||| FLEEEEING.
  2357 | D:3      | 2357 ||| FLEEEEING.
  2358 | D:3      | 2358 ||| FLEEEEING.
  2359 | D:3      | 2359 ||| FLEEEEING.
  2360 | D:3      | 2360 ||| FLEEEEING.
  2361 | D:3      | 2361 ||| FLEEEEING.
  2362 | D:3      | 2362 ||| FLEEEEING.
  2363 | D:3      | 2363 ||| FLEEEEING.
  2364 | D:3      | 2364 ||| FLEEEEING.
  2365 | D:3      | 2365 ||| FLEEEEING.
  2366 | D:3      | 2366 ||| FLEEEEING.
  2367 | D:3      | 2367 ||| FLEEEEING.
  2368 | D:3      | 2368 ||| FLEEEEING.
  2369 | D:3      | 2369 ||| FLEEEEING.
  2370 | D:3      | 2370 ||| FLEEEEING.
  2371 | D:3      | 2371 ||| FLEEEEING.
  2372 | D:3      | 2372 ||| FLEEEEING.
  2373 | D:3      | 2373 ||| FLEEEEING.
  2374 | D:3      | 2374 ||| FLEEEEING.
  2375 | D:3      | 2375 ||| FLEEEEING.
  2376 | D:3      | 2376 ||| FLEEEEING.
  2377 | D:3      | 2377 ||| FLEEEEING.
  2378 | D:3      | 2378 ||| FLEEEEING.
  2379 | D:3      | 2379 ||| FLEEEEING.
  2380 | D:3      | 2380 ||| FLEEEEING.
  2381 | D:3      | 2381 ||| FLEEEEING.
  2382 | D:3      | 2382 ||| FLEEEEING.
  2383 | D:3      | 2383 ||| FLEEEEING.
  2384 | D:3      | 2384 ||| FLEEEEING.
  2385 | D:3      | 2385 ||| FLEEEEING.
  2386 | D:3      | 2386 ||| FLEEEEING.
  2387 | D:3      | 2387 ||| FLEEEEING.
  2388 | D:3      | 2388 ||| FLEEEEING.
  2389 | D:3      | 2389 ||| FLEEEEING.
  2390 | D:3      | 2390 ||| FLEEEEING.
  2391 | D:3      | 2391 ||| FLEEEEING.
  2392 | D:3      | 2392 ||| FLEEEEING.
  2393 | D:3      | 2393 ||| FLEEEEING.
  2394 | D:3      | 2394 ||| FLEEEEING.
  2395 | D:3      | 2395 ||| FLEEEEING.
  2396 | D:3      | 2396 ||| FLEEEEING.
  2397 | D:3      | 2397 ||| FLEEEEING.
  2398 | D:3      | 2398 ||| FLEEEEING.
  2399 | D:3      | 2399 ||| FLEEEEING.
  2400 | D:3      | 2400 ||| FLEEEEING.
  2401 | D:3      | 2401 ||| FLEEEEING.
  2402 | D:3      | 2402 ||| FLEEEEING.
  2403 | D:3      | 2403 ||| FLEEEEING.
  2404 | D:3      | 2404 ||| FLEEEEING.
  2405 | D:3      | 2405 ||| FLEEEEING.
  2406 | D:3      | 2406 ||| FLEEEEING.
  2407 | D:3      | 2407 ||| FLEEEEING.
  2408 | D:3      | 2408 ||| STAIRDANCE
  2459 | D:2      | 2459 ||| READING 2 scrolls of identify.
  2459 | D:2      | 2459 ||| IDENTIFYING sapphire potion
  2460 | D:2      | 2460 ||| DROPPING potion of brilliance.
  2770 | D:3      | Found a hazy altar of Hepliaklqana.
  2811 | D:3      | Found a transporter.
  2814 | D:3      | Noticed qw's ghost (amateur TeWr)
  3090 | D:3      | Gained mutation: Your magical nature lets you fly swiftly
                  | and evasively. [Tengu growth]
  3090 | D:3      | Reached XP level 5. HP: 30/30 MP: 9/9
  3222 | D:3      | 3222 ||| DRINKING 2 brown potions.
  3223 | D:3      | 3223 ||| READING 2 scrolls of identify.
  3223 | D:3      | 3223 ||| IDENTIFYING murky coppery potion
  3333 | D:4      | Reached skill level 5 in Axes
  3696 | D:4      | Slain by a wight

Levels and vault maps discovered:
D:1:      dpeg_arrival_orchard, layout_basic, minmay_tree_intersection
D:2:      layout_rooms, serial_shops, shop, shop, minmay_pentomino_s4
D:3:      wad_pebble_path, layout_basic, lemuel_coloured_pillars_altar,
          gammafunk_ghost_mausoleum
D:4:      layout_loops_corners, nicolae_concentric_dashed_squares_wild,
          kennysheep_nondescript

Skill      XL: |  1  2  3  4  5 |
---------------+----------------+-----
Axes           | 3 4 5 |  5.5
Armour         | 2 |  2.6
Fighting       | |  2.0
Throwing       | |  1.0
Dodging        | |  2.1
Spellcasting   | |  2.0
Translocations | |  2.4

Action                   |  1- 3 |  4- 6 || total
-------------------------+-------+-------++-------
Melee: Hand axe          |    66 |    18 ||    84
       Kick              |    18 |    11 ||    29
       Peck              |    10 |    15 ||    25
       War axe           |       |    57 ||    57
       Punch             |       |     3 ||     3
Throw: Boomerang         |     7 |       ||     7
  Use: Scroll            |     1 |     6 ||     7
       Potion            |     1 |     2 ||     3
Armor: Leather armour    |     4 |       ||     4
       Plate armour      |    22 |    44 ||    66
Dodge: Dodged            |    16 |    15 ||    31

Table legend:
 A = Non-vault XP
 B = Vault XP
 C = Vault XP percentage of total XP
 D = Non-vault monster count
 E = Vault monster count
 F = Vault count percentage of total count
                 A         B        C        D         E       F
            +---------+---------+-------+---------+---------+-------
      Total |     245 |       0 |   0.0 |      62 |       0 |   0.0
            +---------+---------+-------+---------+---------+-------
        D:1 |      20 |       0 |   0.0 |      12 |       0 |   0.0
        D:2 |      74 |       0 |   0.0 |      19 |       0 |   0.0
        D:3 |      72 |       0 |   0.0 |      23 |       0 |   0.0
        D:4 |      79 |       0 |   0.0 |       8 |       0 |   0.0
            +---------+---------+-------+---------+---------+-------
